 Dungeon Sprint DCSS version 0.30-a0-605-gb2882149bf (webtiles) character file.

Game seed: 348580415793563748

21 NinjaNoafa the Ducker (level 2, -2/24 HPs)
             Began as a Merfolk Gladiator on Jan 7, 2023.
             Was a Believer of Uskayaw.
             Slain by an orc
             ... wielding a +0 hand axe
              (7 damage)
             ... in the Dungeon (Sprint VII: "The Pits").
             The game lasted 00:00:55 (129 turns).

NinjaNoafa the Ducker (Merfolk Gladiator)            Turns: 129, Time: 00:00:56

Health: -2/24      AC:  4    Str: 14    XL:     2   Next: 83%
Magic:  2/2        EV: 14    Int:  7    God:    Uskayaw [**....]
Gold:   0          SH:  0    Dex: 15    Spells: 1/1 levels left

rFire   . . .      SeeInvis .    l - +2 dagger
rCold   . . .      Faith    .    (no shield)
rNeg    . . .      Spirit   .    b - +0 leather armour
rPois   .          Reflect  .    c - +0 helmet
rElec   .          Harm     .    (no cloak)
rCorr   .          Rampage  .    (no gloves)
Will    .....      NoTele   +    (no boots)
Stlth   ++                       (no amulet)
HPRegen 0.24/turn                (no ring)
MPRegen 0.08/turn                (no ring)

@: no status effects
A: (nimble swimmer 2), mertail
a: Renounce Religion, Stomp, Line Pass


You were in the Dungeon.
You worshipped Uskayaw.
Uskayaw was noncommittal.
You visited 1 branch

Inventory:

Hand Weapons
 l - a +2 dagger (weapon)
Missiles
 d - 3 throwing nets
 e - a javelin (quivered)
Armour
 b - a +0 leather armour (worn)
 c - a +0 helmet (worn)
Scrolls
 k - a scroll of blinking
 m - 5 scrolls of amnesia
 n - a scroll of summoning
 o - 2 scrolls of vulnerability
Potions
 a - 2 potions of invisibility
 g - a potion of heal wounds
 h - a potion of haste
 i - 4 potions of magic
 j - 3 potions of berserk rage


   Skills:
 + Level 3.6 Fighting
 + Level 4.8 Short Blades
 - Level 2.0 Throwing
 + Level 5.3 Dodging
 + Level 2.9 Stealth


You had one spell level left.
You didn't know any spells.
Your spell library was empty.

Dungeon Overview and Level Annotations

Branches:
Dungeon (1/1)

Altars:
Ashenzari
Cheibriados
Dithmenos
Elyvilon
Fedhas
Gozag
Hepliaklqana
Kikubaaqudgha
Makhleb
Nemelex Xobeh
Okawaru
Qazlal
Ru
Sif Muna
Trog
Uskayaw
Vehumet
Wu Jian
Xom
Yredelemnul
Zin
The Shining One
Jiyva
Lugonu


Innate Abilities, Weirdness & Mutations

((You are very nimble when in or above water. (Stealth+, EV+, Speed+++)))
Your lower body shifts to a powerful aquatic tail in water.


Message History

You can now pass through a line of other dancers.
You closely miss the ufetubus. You punch the ufetubus.
You kill the ufetubus!
Your Dodging skill increases to level 5!
There is an open door, spattered with blood here.
You see here an adder corpse.
You start resting.
You open the door.
There is an open door here.
You start resting.
HP restored.
You open the door.
A quokka comes into view.
A rat comes into view.
There is an open door here.
The helpless quokka fails to defend itself.
You impale the quokka!!
You kill the quokka!
The helpless rat fails to defend itself.
You impale the rat!!
You kill the rat!
As you open the large door, it creaks loudly!
A kobold, an orc priest and 3 orcs come into view.
The orc shouts! x2; The orc priest shouts!
You hear an angry hiss.
You hear a shout!
The kobold shouts!
You hear a shout!
The orc priest invokes the aid of Beogh against you.
Pain shoots through your body!
The kobold throws a stone.
The stone closely misses you.
A goblin comes into view. It is wielding a +0 club.
A frilled lizard comes into view.
You hit the orc.
You kill the orc!
You can now pass through a line of other dancers.
An orc warrior comes into view. It is wielding a +0 scimitar.
The orc priest mumbles some strange prayers to Beogh against you.
Pain shoots through your body!
Ouch! That really hurt!
* * * LOW HITPOINT WARNING * * *
The orc misses you. The orc hits you with a +0 hand axe!
You die...

#..(.))))'.##......#..
##########.##.........
#..........)'.........
#+#####†#####......#..
#K.#...'.##.........
#.g#...#.#####'#####
#..#####.##.......#
#.o'..†#.##.......#
#.o@...'.##.......#
#.o########...<...#


#lo #.......# #.. #.......# ### #.......# ######### You could see an orc warrior
(wandering), an orc priest, 2 orcs, a goblin, a kobold and a frilled lizard.

Vanquished Creatures
  An adder (D)
  An ufetubus (D)
  2 orcs (D)
  A quokka (D)
  A rat (D)
6 creatures vanquished.

Notes
Turn   | Place    | Note
-------+----------+-------------------------------------------
     0 | D        | NinjaNoafa the Merfolk Gladiator began the quest for the
                  | Orb.
     0 | D        | Reached XP level 1. HP: 16/16 MP: 1/1
    17 | D        | Reached skill level 1 in Stealth
    44 | D        | Found a bloodstained altar of Trog.
    44 | D        | Found a shimmering blue altar of Sif Muna.
    44 | D        | Found a viscous altar of Jiyva.
    44 | D        | Found a hazy altar of Hepliaklqana.
    44 | D        | Found an opulent altar of Gozag.
    45 | D        | Found a glowing golden altar of the Shining One.
    45 | D        | Found a glowing silver altar of Zin.
    45 | D        | Found a basalt altar of Yredelemnul.
    45 | D        | Found a shimmering altar of Xom.
    45 | D        | Found an ornate altar of the Wu Jian Council.
    45 | D        | Found a sacrificial altar of Ru.
    45 | D        | Found a stormy altar of Qazlal.
    45 | D        | Found an iron altar of Okawaru.
    45 | D        | Found a sparkling altar of Nemelex Xobeh.
    45 | D        | Found a burning altar of Makhleb.
    45 | D        | Found a blossoming altar of Fedhas.
    45 | D        | Found a white marble altar of Elyvilon.
    45 | D        | Found a shadowy altar of Dithmenos.
    45 | D        | Found a snail-covered altar of Cheibriados.
    46 | D        | Found a radiant altar of Vehumet.
    46 | D        | Found a corrupted altar of Lugonu.
    47 | D        | Found a hide-covered altar of Uskayaw.
    47 | D        | Found an ancient bone altar of Kikubaaqudgha.
    47 | D        | Found a broken altar of Ashenzari.
    55 | D        | Became a worshipper of Uskayaw the Reveller
    72 | D        | Reached * piety under Uskayaw
    82 | D        | Reached XP level 2. HP: 18/24 MP: 2/2
    85 | D        | Reached ** piety under Uskayaw
    87 | D        | Reached skill level 5 in Dodging
   129 | D        | Noticed an orc warrior
   129 | D        | Slain by an orc

Illustrated notes

Levels and vault maps discovered:
D:        pitsprint [storerooms_1, entrance_room_1, metal_vault_4, armoury_2,
          mini_pit_1, grid_room_1, main_hall_1, silver_pit, the_coven_3,
          the_vestibule_1, steel_vault_3, golden_pit, hallway_of_sentries,
          crystal_vault_1, iron_vault_4, final_vault]

Skill      XL: |  1  2 |
---------------+-------+-----
Stealth        | 2 |  2.9
Fighting       | 3 |  3.6
Short Blades   | 4 |  4.8
Dodging        | 5 |  5.3
Throwing       | |  2.0

Action                   || total
-------------------------++-------
Melee: Dagger            ||    18
       Rapier            ||     7
       Punch             ||     1
  Use: Potion            ||     1
 Stab: Sleeping          ||     2
Armor: Leather armour    ||     7
Dodge: Dodged            ||    15

Table legend: (Time is in decaauts)
 A = Elapsed time spent in this place.
 B = Non-inter-level travel time spent in this place.
 C = Inter-level travel time spent in this place.
 D = Time resting spent in this place.
 E = Time spent auto-exploring this place.
 F = Levels seen in this place.
 G = Mean time per level.
                   A        B        C        D        E       F      G
               +--------+--------+--------+--------+--------+-----+--------+
         Total |    124 |    110 |     14 |     25 |     10 |   1 |  124.0 |
       Dungeon |    124 |    110 |     14 |     25 |     10 |   1 |  124.0 |
               +--------+--------+--------+--------+--------+-----+--------+

Top non-repeatable levels by time:
       D: 124 daAuts
